 Dungeon Crawl Stone Soup version 0.29.0-4-gdea44cf6ec (webtiles) character file.

Game seed: 13218881418745644848

545 qw the Chopper (level 7, 0/40 (41) HPs)
             Began as a Tengu Warper on Aug 28, 2022.
             Was an Initiate of Okawaru.
             Slain by an iguana (9 damage)
             ... summoned by a kobold
             ... on level 4 of the Dungeon.
             The game lasted 00:00:28 (4219 turns).

qw the Chopper (Tengu Warper)                       Turns: 4219, Time: 00:00:29

HP:   0/40 (41)     AC: 10    Str: 13    XL:     7   Next: 27%
MP:   11/11         EV:  7    Int: 14    God:    Okawaru [......]
Gold: 113           SH:  0    Dex: 13    Spells: 10/10 levels left

rFire   . . .      SeeInvis .   Y - +0 hand axe
rCold   . . .      Faith    .   (no shield)
rNeg    . . .      Spirit   .   h - +0 chain mail
rPois   .          Reflect  .   (helmet restricted)
rElec   .          Harm     .   (no cloak)
rCorr   .          Rampage  .   d - +1 pair of gloves
Will    .....                   (boots unavailable)
Stlth   ..........              b - amulet of the acrobat
HPRegen 0.13/turn               (no ring)
MPRegen 0.12/turn               (no ring)

@: about to teleport, flying quickly and evasively, lightly drained, quick
A: beak, talons 3, nimble flight
a: Renounce Religion


You were on level 4 of the Dungeon.
You worshipped Okawaru.
Okawaru was noncommittal.
You visited 1 branch of the dungeon, and saw 4 of its levels.

You collected 179 gold pieces.
You spent 66 gold pieces at shops.


Innate Abilities, Weirdness & Mutations

You have a beak for a mouth.
You have claws for feet.
Your magical nature lets you fly swiftly and evasively.


   Skills:
 - Level 3.2 Fighting
 + Level 7.7 Axes
 - Level 1.0 Throwing
 - Level 2.2 Armour
 - Level 2.1 Dodging
 - Level 2.0 Spellcasting
 - Level 2.4 Translocations


You had 10 spell levels left.
You didn't know any spells.
Your spell library contained the following spells:

 Spells                   Type           Power      Damage    Failure   Level
 Blink                    Tloc           16%        N/A       99%         2
 Gell's Gravitas          Tloc           8%         N/A       100%        3
 Lesser Beckoning         Tloc           8%         N/A       100%        3
 Teleport Other           Tloc           8%         N/A       100%        3
 Manifold Assault         Tloc           8%         N/A       100%        5

Inventory:

Hand Weapons
 p - a +0 flail
 Y - a +0 hand axe (weapon)
Armour
 d - a +1 pair of gloves (worn)
 h - a +0 chain mail (worn)
Jewellery
 b - an amulet of the acrobat (around neck)
Wands
 l - a wand of digging (4)
Scrolls
 m - a scroll of teleportation
Potions
 a - a potion of heal wounds {unknown}
 c - a potion of ambrosia {unknown}
 e - a potion of flight {unknown}
 i - a potion of degeneration {unknown}
 j - 2 potions of curing
 n - a potion of magic {unknown}

Dungeon Overview and Level Annotations

Branches:
Dungeon (4/15)
 Temple: D:4-7

Altars:
Ashenzari
Cheibriados
Okawaru
Zin

Shops:
D:2 !   D:3 *


Message History

The gnoll hits you from afar with a +0 halberd!
The gnoll hits you but does no damage.
You hit the gnoll. You claw the gnoll, but do no damage.
You peck the gnoll, but do no damage.
The gnoll is heavily wounded.
The gnoll hits you but does no damage. The gnoll completely misses you.
The kobold shouts!
You hit the gnoll. You claw the gnoll.
You kill the gnoll!
Okawaru accepts your kill.
The gnoll hits you from afar with a +0 halberd!
The gnoll closely misses you. The gnoll misses you.
You see here a +0 club.
You hit the gnoll. You claw the gnoll.
The gnoll is heavily wounded.
The kobold throws a stone.
The stone hits you but does no damage.
The gnoll hits you from afar with a +0 spear.
The gnoll barely misses you.
You barely miss the gnoll.
The gnoll is heavily wounded.
You hit the gnoll. You peck the gnoll, but do no damage.
The gnoll is severely wounded.
The gnoll hits you but does no damage. The gnoll barely misses you.
The kobold reads a scroll.
Wisps of shadow swirl around the kobold.
You slash the gnoll!
You kill the gnoll!
Okawaru accepts your kill. The gnoll hits you but does no damage.
You hit the gnoll but do no damage. You claw the gnoll.
The gnoll is moderately wounded.
You barely miss the kobold.
The gnoll hits you with a +1 whip of draining.
You feel drained. The kobold barely misses you.
The gnoll hits you from afar with a +0 spear.
4219 ||| READING 2 scrolls of teleportation.
As you read the scroll of teleportation, it crumbles to dust.
You feel strangely unstable. The iguana bites you!
You die...

...##....#.#..# ##
...##...##.#..## ..
###....#...##.#
#.####.####....#.######
#....%......##.#.......
###.....######.#.......
#.....# #.#hg.....
#.....# #.Kl# #.....#
##@## ####.## #g# #..
.g# ### .### .. $. ...
.##


You could see a black bear (summoned), an iguana (summoned), 2 gnolls, a
hobgoblin (summoned) and a kobold.

Vanquished Creatures
  Grinder (D:3)
  A necrophage (D:4)
  A hound (D:2)
  Ijyb (D:3)
  Terence (D:3)
  A mummy (D:3)
  5 adders
  6 gnolls
  2 worms
  2 dart slugs
  2 endoplasms (D:1)
  4 giant cockroaches
  6 hobgoblins
  7 jackals
  4 quokkas
  6 ball pythons
  10 bats
  3 frilled lizards
  7 goblins
  15 kobolds
  5 rats
90 creatures vanquished.

Vanquished Creatures (others)
  3 fungi (D:1)
3 creatures vanquished.

Grand Total: 93 creatures vanquished

Notes
Turn   | Place    | Note
-------+----------+-------------------------------------------
     0 | D:1      | qw the Tengu Warper began the quest for the Orb.
     0 | D:1      | Reached XP level 1. HP: 12/12 MP: 4/4
     0 | D:1      | 0 ||| qw: Version: 0.1-a-89-g26bdef1
     0 | D:1      | 0 ||| qw: Game counter: 189
     0 | D:1      | 0 ||| qw: Always use a shield: true
     0 | D:1      | 0 ||| qw: God list: Okawaru
     0 | D:1      | 0 ||| qw: Allow faded altars: false
     0 | D:1      | 0 ||| qw: Do Orc after D:15 true
     0 | D:1      | 0 ||| qw: Do second Lair branch before Depths: true
     0 | D:1      | 0 ||| qw: Lair rune preference: random
     0 | D:1      | 0 ||| qw: Plans: Normal
     0 | D:1      | 0 ||| PLANNING D:1-11
    29 | D:1      | 29 ||| Stepping ~*~*~tactically~*~*~ (stealth).
   136 | D:1      | Reached XP level 2. HP: 17/17 MP: 6/6
   163 | D:1      | Reached skill level 3 in Axes
   168 | D:1      | 168 ||| Stepping ~*~*~tactically~*~*~ (stealth).
   239 | D:1      | 239 ||| Stepping ~*~*~tactically~*~*~ (stealth).
   431 | D:1      | Reached XP level 3. HP: 21/21 MP: 7/7
   725 | D:1      | Reached skill level 4 in Axes
   980 | D:1      | 980 ||| UPGRADING to +0 pair of gloves.
   985 | D:1      | 985 ||| UPGRADING to +0 chain mail.
   995 | D:1      | 995 ||| DROPPING +0 leather armour.
   996 | D:1      | 996 ||| READING 2 scrolls labelled SEZOTO PAMA.
   997 | D:1      | 997 ||| READING scroll labelled QYBIDEVAEZ.
   998 | D:1      | 998 ||| READING 3 scrolls labelled LAT MYMOVVITOHUEF.
   999 | D:1      | 999 ||| DRINKING 2 metallic golden potions.
  1104 | D:1      | 1104 ||| DROPPING scroll of amnesia.
  1105 | D:1      | 1105 ||| DROPPING scroll of blinking.
  1106 | D:1      | 1106 ||| DROPPING potion of berserk rage.
  1107 | D:1      | 1107 ||| DROPPING 2 scrolls of vulnerability.
  1143 | D:2      | Found a faded altar of an unknown god.
  1186 | D:2      | 1186 ||| Stepping ~*~*~tactically~*~*~ (stealth).
  1187 | D:2      | 1187 ||| Stepping ~*~*~tactically~*~*~ (stealth).
  1188 | D:2      | 1188 ||| Stepping ~*~*~tactically~*~*~ (stealth).
  1189 | D:2      | 1189 ||| Stepping ~*~*~tactically~*~*~ (stealth).
  1409 | D:2      | Identified the +8 dagger of Law {venom, +Blink rN+}
  1422 | D:2      | Reached skill level 5 in Axes
  1422 | D:2      | Reached XP level 4. HP: 24/26 MP: 8/8
  1611 | D:2      | 1611 ||| Stepping ~*~*~tactically~*~*~ (stealth).
  1643 | D:2      | Gained mutation: Your magical nature lets you fly swiftly
                  | and evasively. [Tengu growth]
  1643 | D:2      | Reached XP level 5. HP: 20/30 MP: 9/9
  1835 | D:2      | Found Irchur's Distillery.
  1838 | D:2      | 1838 ||| BUYING 2 potions of curing (66 gold).
  1838 | D:2      | Bought 2 potions of curing for 66 gold pieces
  1838 | D:2      | 1838 ||| SHOPLISTING 2 potions of resistance (220 gold,
                  | have 8).
  1838 | D:2      | 1838 ||| SHOPLISTING potion of curing (33 gold, have 8).
  1838 | D:2      | 1838 ||| SHOPLISTING potion of might (44 gold, have 8).
  1838 | D:2      | 1838 ||| SHOPLISTING potion of resistance (110 gold, have
                  | 8).
  2107 | D:2      | 2107 ||| READING scroll labelled LIKHEP ULYIGUH.
  2108 | D:2      | 2108 ||| READING scroll labelled IXKATZ FICIMA.
  2109 | D:2      | 2109 ||| DRINKING 2 ruby potions.
  2110 | D:2      | 2110 ||| DROPPING potion of brilliance.
  2150 | D:3      | 2150 ||| Stepping ~*~*~tactically~*~*~ (stealth).
  2172 | D:3      | 2172 ||| READING scroll of enchant armour.
  2172 | D:3      | 2172 ||| ENCHANTING +0 pair of gloves.
  2285 | D:3      | Found a broken altar of Ashenzari.
  2287 | D:3      | Noticed Ijyb
  2288 | D:3      | 2288 ||| Stepping ~*~*~tactically~*~*~ (hiding).
  2299 | D:3      | HP: 6/30 [Ijyb/+4 dagger of pain (2)]
  2300 | D:3      | Killed Ijyb
  2542 | D:3      | Found Zin's Purification Station.
  2548 | D:3      | Found a glowing silver altar of Zin.
  2551 | D:3      | Noticed Terence
  2560 | D:3      | HP: 7/30 [Terence/+0 hand axe (3)]
  2561 | D:3      | HP: 2/30 [Terence/puff of flame (5)]
  2566 | D:3      | Killed Terence
  2863 | D:3      | 2863 ||| SHOPLISTING potion of curing (90 gold, have 38).
  2880 | D:3      | 2880 ||| Stepping ~*~*~tactically~*~*~ (stealth).
  2886 | D:3      | Reached skill level 6 in Axes
  2898 | D:3      | Reached XP level 6. HP: 14/35 MP: 10/10
  3084 | D:3      | 3084 ||| DROPPING +0 whip.
  3142 | D:3      | Noticed Grinder
  3147 | D:3      | HP: 8/35 [Grinder (5)]
  3150 | D:3      | HP: 2/35 [Grinder (7)]
  3151 | D:3      | Killed Grinder
  3152 | D:3      | Reached skill level 7 in Axes
  3319 | D:3      | 3319 ||| FLEEEEING.
  3555 | D:3      | Found a snail-covered altar of Cheibriados.
  3564 | D:3      | Reached XP level 7. HP: 40/40 MP: 11/11
  3973 | D:3      | 3973 ||| UPGRADING to amulet of the acrobat.
  3978 | D:3      | 3978 ||| READING 3 scrolls labelled ICHUICLOAWK.
  3982 | D:3      | 3982 ||| READING scroll labelled LUINAG CAETA.
  3983 | D:3      | 3983 ||| DRINKING 2 orange potions.
  3984 | D:3      | 3984 ||| DROPPING potion of attraction.
  4084 | D:4      | Found an iron altar of Okawaru.
  4100 | D:4      | Became a worshipper of Warmaster Okawaru
  4131 | D:4      | Reached skill level 3 in Fighting
  4205 | D:4      | 4205 ||| Stepping ~*~*~tactically~*~*~ (stealth).
  4206 | D:4      | 4206 ||| FLEEEEING.
  4218 | D:4      | HP: 9/40 [gnoll/+0 spear (3)]
  4219 | D:4      | 4219 ||| READING 2 scrolls of teleportation.
  4219 | D:4      | Slain by an iguana

Levels and vault maps discovered:
D:1:      psy_arrival_whirlpool, layout_basic, dreamdust_mushroom_princess
D:2:      layout_loops_ring, serial_shops, nicolae_shop_behind_doors,
          ebering_ecumenical_altar_rust
D:3:      layout_basic, mainiacjoe_overflow_surrounded_room, slow_altar_2,
          zin_purify, hangedman_abyss_or_decor_stabs, uniq_terence, uniq_ijyb,
          uniq_grinder
D:4:      layout_basic, fedhas_altar_decomposition,
          nicolae_overflow_crystal_walls, uniq_robin

Skill      XL: |  1  2  3  4  5  6  7 |
---------------+----------------------+-----
Axes           | 3 5 6 7 |  7.7
Armour         | 2 |  2.2
Fighting       | 3 |  3.2
Throwing       | |  1.0
Dodging        | |  2.1
Spellcasting   | |  2.0
Translocations | |  2.4

Action                   |  1- 3 |  4- 6 |  7- 9 || total
-------------------------+-------+-------+-------++-------
Melee: Hand axe          |    87 |   116 |    43 ||   246
       Kick              |    21 |    30 |    15 ||    66
       Peck              |     5 |    19 |     9 ||    33
       Punch             |       |     1 |       ||     1
Throw: Boomerang         |     7 |    43 |       ||    50
  Use: Scroll            |     3 |     3 |     3 ||     9
       Potion            |     1 |     1 |     1 ||     3
 Stab: Distracted        |       |     1 |       ||     1
Armor: Leather armour    |    24 |       |       ||    24
       Chain mail        |     9 |    68 |    18 ||    95
Dodge: Dodged            |    61 |    35 |    17 ||   113

Table legend:
 A = Non-vault XP
 B = Vault XP
 C = Vault XP percentage of total XP
 D = Non-vault monster count
 E = Vault monster count
 F = Vault count percentage of total count
                 A         B        C        D         E       F
            +---------+---------+-------+---------+---------+-------
      Total |     412 |     367 |  47.1 |      86 |       4 |   4.4
            +---------+---------+-------+---------+---------+-------
        D:1 |      56 |       0 |   0.0 |      34 |       0 |   0.0
        D:2 |     118 |       0 |   0.0 |      25 |       0 |   0.0
        D:3 |      94 |     367 |  79.6 |      18 |       4 |  18.2
        D:4 |     144 |       0 |   0.0 |       9 |       0 |   0.0
            +---------+---------+-------+---------+---------+-------
